 Dungeon Crawl Stone Soup version 0.24.0-123-gd5b16e6ec5 (webtiles) character file.

Game seed: 5628816597130925894, levelgen mode: deterministic

219 Emblim88 the Skirmisher (level 6, -11/48 HPs)
             Began as a Formicid Abyssal Knight on Jan 12, 2020.
             Was a Believer of Lugonu.
             Blown up by a kobold (24 damage)
             ... with a disintegration bolt
             ... on level 3 of the Dungeon.
             The game lasted 00:07:09 (4423 turns).

Emblim88 the Skirmisher (Formicid Abyssal Knight)   Turns: 4423, Time: 00:07:09

Health: -11/48     AC: 12    Str: 19 (20) XL:     6   Next: 17%
Magic:  8/8        EV:  6    Int: 12      God:    Lugonu [**....]
Gold:   128        SH:  3    Dex: 10      Spells: 5/5 levels left

rFire    . . .     SeeInvis +   e - +2 hand axe (pain)
rCold    . . .     Gourm    .   m - +0 buckler
rNeg     . . .     Faith    .   o - +0 plate armour
rPois    .         Spirit   .   (helmet unavailable)
rElec    .         Reflect  .   (no cloak)
rCorr    .         Harm     .   (no gloves)
MR       .....                  j - +0 pair of boots
Stlth    ..........             (no amulet)
HPRegen  0.16/turn              k - +2 ring of strength
MPRegen  0.11/turn              (no ring)

@: lethally poisoned (-11 -> -13)
A: permanent stasis, dig shafts and tunnels, four strong arms, antennae 3
a: Dig, Shaft Self, Depart the Abyss, Bend Space, Renounce Religion


You were on level 3 of the Dungeon.
You worshipped Lugonu.
Lugonu was pleased with you.
You were very hungry.

You visited 1 branch of the dungeon, and saw 3 of its levels.
You visited the Abyss 1 time.

You collected 128 gold pieces.

Inventory:

Hand Weapons
 a - a +1 falchion
 e - a +2 hand axe of pain (weapon)
Armour
 b - a +0 leather armour
 g - a +0 ring mail
 j - a +0 pair of boots (worn)
 m - a +0 buckler (worn)
 o - a +0 plate armour (worn)
Jewellery
 k - a +2 ring of strength (left hand)
Scrolls
 d - 6 scrolls of identify {unknown}
 f - 2 scrolls of teleportation {unknown}
 h - a scroll of random uselessness {unknown}
 i - 2 scrolls of remove curse {unknown}
 l - a scroll of enchant armour {unknown}
Comestibles
 c - 6 rations


   Skills:
 + Level 4.2 Fighting
 + Level 3.0 Long Blades
 + Level 3.4 Armour
 + Level 2.2 Dodging
 + Level 1.0 Shields
 + Level 3.7 Invocations


You had 5 spell levels left.
You didn't know any spells.
Your spell library was empty.

Dungeon Overview and Level Annotations

Branches:
Dungeon (3/15)

Altars:
Fedhas
Gozag
Nemelex Xobeh


Innate Abilities, Weirdness & Mutations

You cannot be hasted, slowed, berserked, paralysed or teleported.
You can dig through walls and to a lower floor.
Your four strong arms can wield two-handed weapons with a shield.
You have a pair of large antennae on your head. (SInv)


Message History

c - 6 rations (gained 1)
You feel sick.
The kobold zaps a wand.
You are blasted!
Ouch! That really hurt!
You feel sick. The kobold barely misses you.
You hit the kobold.
The kobold is heavily wounded.
The kobold zaps a wand.
You are blasted!
The kobold hits you but does no damage.
You hit the kobold but do no damage.
The kobold is heavily wounded.
You feel sick. You block the kobold's attack.
You hit the kobold but do no damage.
The kobold is heavily wounded.
The kobold hits you but does no damage.
Your plate armour prevents you from hitting the kobold.
The kobold is heavily wounded.
You feel sick.
The kobold zaps a wand.
You are blasted!
Ouch! That really hurt!
You die...

###.### #.. .. .. #.#
##.##.## .# #.# #...
.. .. #.#### #..#
.#.##.# #.##.##
#..##....... #
#.....# #.....#
####...########..##.#
'.))..........(..#
...
####)..########.@#
.#g#{ #####..#####
#..K..#...{
#.>.......# #..##.#
#.# #.###.###.# #..#
... ... #.# #.# #.#
#..# .#.# .#
#.###.###.# #..# #
#.........# ##..
#####.##### ### #.#


You could see a kobold.

Vanquished Creatures
  An orc priest (D:3)
  An orc wizard (D:3)
  Natasha (D:3)
  A worker ant (D:2)
  3 adders
  An ooze (D:2)
  3 worms
  A dart slug (D:2)
  7 orcs (D:3)
  5 bats
  4 giant cockroaches
  9 goblins
  6 hobgoblins
  4 jackals (D:2)
  7 kobolds
  A quokka (D:2)
  5 frilled lizards
  8 rats
68 creatures vanquished.

Notes
Turn   | Place    | Note
-------+----------+-------------------------------------------
     0 | Abyss:1  | Emblim88 the Formicid Abyssal Knight began the quest for
                  | the Orb.
     0 | Abyss:1  | Reached XP level 1. HP: 18/18 MP: 2/2
    36 | Abyss:1  | Noticed a daeva
    37 | D:1      | Escaped the Abyss
   340 | D:1      | Reached skill level 1 in Dodging
   425 | D:1      | Reached XP level 2. HP: 24/24 MP: 3/3
   496 | D:1      | Reached * piety under Lugonu
   922 | D:1      | Reached XP level 3. HP: 25/29 MP: 4/4
  1850 | D:2      | Found an opulent altar of Gozag.
  2109 | D:2      | Reached XP level 4. HP: 31/37 MP: 6/6
  2258 | D:2      | Reached ** piety under Lugonu
  3182 | D:3      | Reached XP level 5. HP: 42/42 MP: 7/7
  3203 | D:3      | Reached skill level 4 in Fighting
  3251 | D:3      | Found a blossoming altar of Fedhas.
  3283 | D:3      | Found a sparkling altar of Nemelex Xobeh.
  3771 | D:3      | Reached XP level 6. HP: 13/48 MP: 8/8
  3910 | D:3      | Noticed Natasha
  4176 | D:3      | Killed Natasha
  4176 | D:3      | Reached skill level 1 in Shields
  4423 | D:3      | Blown up by a kobold

Levels and vault maps discovered:
D:1:      lightli_arrival_statue_moat, layout_loops_ring
D:2:      layout_loops_ring, lemuel_coloured_pillars_altar
D:3:      layout_loops_corners, lemuel_round_altar, fedhas_altar_fruit_tree,
          chequers_ecumenical_altar_twisty, minmay_diced_spiral, uniq_natasha

Skill      XL: |  1  2  3  4  5  6 |
---------------+-------------------+-----
Dodging        | 1 2 |  2.2
Invocations    | 3 |  3.7
Fighting       | 4 |  4.2
Armour         | 3 |  3.4
Long Blades    | 3 |  3.0
Shields        | 1 |  1.0

Action                   |  1- 3 |  4- 6 || total
-------------------------+-------+-------++-------
Melee: Falchion          |   102 |   157 ||   259
       Hand axe          |       |    20 ||    20
Invok: Depart the Abyss  |     1 |       ||     1
  Use: Potion            |       |     3 ||     3
  Eat: Chunk             |     4 |     3 ||     7
       Ration            |       |     1 ||     1
Armor: Leather armour    |    27 |     5 ||    32
       Ring mail         |       |    38 ||    38
       Plate armour      |       |    15 ||    15
Dodge: Dodged            |    51 |    81 ||   132
Block: Buckler           |       |    17 ||    17
       Rpst.: Falchion   |    18 |    31 ||    49
